cohdb
Replays
Latest Replays
All Replays
Popular Replays
Top Player Replays
Match Explorer
How It Works
Community
CoH3 Stats
Reddit
Sign in to upload your games and track your stats! →
Sign in with Steam
Match 41284015
Unlisted
Match 41284015
Overview
Messages
Build Orders
End
250 Light Carrier
Panzerpioneer Squad
Selects Panzerjäger Kommand Battlegroup
Selects Panzerjäger Kommand Battlegroup
Selects Mine Fields
250 Light Carrier
Construct Light Support Kompanie
MG34 Team
MG34 Team
Selects GrB 39 Grenade Launcher Requisition
Assault Mechanized Group
Fire Support Elements
Construct Panzerarmee Kommand
Pak 38 Anti-tank Gun Team
lattouf
ohmygod321
Deliri0us
BlueSkidrow™
七彩斑斓的牛头人战士
粉色上瘾
许聪聪
L1mbo
0
0
Comments
sign in to comment!
No comments posted yet!